 Dungeon Crawl Stone Soup version 0.30-a0-313-gae38170b09 (webtiles) character file.

Game seed: 2829547479986099565

278037 Kirkhe the Eclecticist (level 20, -1/199 HPs)
             Began as a Demonspawn Ice Elementalist on Oct 26, 2022.
             Was the Champion of Vehumet.
             Slain by Mennas
             ... wielding a +3 sacred scourge of holy wrath
              (16 damage)
             ... on level 2 of the Vaults.
             The game lasted 02:09:15 (30531 turns).

Kirkhe the Eclecticist (DsIE)                      Turns: 30531, Time: 02:09:16

Health: -1/199     AC: 14    Str: 15    XL:     20   Next: 0%
Magic:  0/37       EV: 13    Int: 41    God:    Vehumet [******]
Gold:   2318       SH:  9    Dex: 13    Spells: 10/55 levels left

rFire   + + .      SeeInvis +    d - +7 dagger "Fipun" {elec, Int+8}
rCold   + . .      Faith    .    c - +0 buckler
rNeg    + . .      Spirit   +    U - +2 robe {Archmagi}
rPois   .          Reflect  .    g - +2 helmet {SInv}
rElec   +          Harm     .    Z - scarf {rC+ rF+}
rCorr   +          Rampage  .    (gloves unavailable)
Will    ++...      Archmagi +    n - +2 pair of boots
Stlth   ..........               i - amulet of regeneration
HPRegen 1.33/turn                j - ring of Olomoan {rElec rF+ rN+ Slay+3}
MPRegen 0.50/turn                P - ring "Etwuudd" {Will+ rCorr Str+5}

@: brilliant, berserking, hasted, glowing, silenced, very quick
A: claws 3, icemail 1, augmentation 1, magic shield, magic regeneration, big
brain 3, condensation shield, fangs 1, clever 1, low MP 1, wild magic 1
}: 1/15 runes: decaying
a: Renounce Religion


You were on level 2 of the Vaults.
You worshipped Vehumet.
Vehumet was exalted by your worship.
You visited 7 branches of the dungeon, and saw 32 of its levels.
You also visited: Bailey, Ice Cave, Volcano and Wizlab.

You collected 3521 gold pieces.
You spent 1203 gold pieces at shops.

Inventory:

Hand Weapons
 d - the +7 dagger "Fipun" (weapon) {elec, Int+8}
   (You found it on level 2 of the Dungeon)

   It occasionally discharges a powerful burst of electricity upon striking a
   foe.
   Int:       It affects your intelligence (+8).
Armour
 c - a +0 buckler (worn)
 g - a +2 helmet of see invisible (worn)
 n - a +2 pair of boots (worn)
 v - the +8 orange crystal plate armour {Archmagi, Int+3 Clar}
   (You found it in a bailey)

   Int:       It affects your intelligence (+3).
   Clar:      It protects you against confusion.
 B - a +2 cloak
 T - a +1 hat of willpower
 U - a +2 robe of the Archmagi (worn)
 W - a +2 robe of resistance
 X - a +3 leather armour of fire resistance
 Z - a scarf of resistance (worn)
Magical Staves
 M - a staff of fire
Jewellery
 i - an amulet of regeneration (around neck)
 j - the ring of Olomoan (left claw) {rElec rF+ rN+ Slay+3}
   (You found it in a wizard's laboratory)

   [ring of positive energy]

   Slay:      It affects your accuracy & damage with ranged weapons and melee
   (+3).
   rF:        It protects you from fire.
   rElec:     It insulates you from electricity.
   rN:        It protects you from negative energy.
 l - the ring "Hyocs" {rN+ EV+4 Dex+3 SInv}
   (You bought it in a shop on level 2 of the Orcish Mines)

   [ring of evasion]

   EV:        It affects your evasion (+4).
   Dex:       It affects your dexterity (+3).
   rN:        It protects you from negative energy.
   SInv:      It lets you see invisible.
 N - the ring of Kindness {rPois Stlth+}
   (You acquired it on level 4 of the Lair of Beasts)

   [ring of poison resistance]

   rPois:     It protects you from poison.
   Stlth:     It makes you more stealthy.
 P - the ring "Etwuudd" (right claw) {Will+ rCorr Str+5}
   (You acquired it on level 1 of the Lair of Beasts)

   [ring of resist corrosion]

   Str:       It affects your strength (+5).
   rCorr:     It protects you from acid and corrosion.
   Will:      It increases your willpower.
 Y - the ring of Xoepro Gaxa {rF+ Int+6}
   (You found it on level 1 of the Lair of Beasts)

   [ring of protection from fire]

   Int:       It affects your intelligence (+6).
   rF:        It protects you from fire.
Wands
 k - a wand of paralysis (3)
 J - a wand of iceblast (25)
 L - a wand of digging (3)
 Q - a wand of mindburst (16)
Scrolls
 a - 2 scrolls of enchant armour
 p - 5 scrolls of fear
 q - 8 scrolls of poison
 r - 3 scrolls of immolation
 w - 8 scrolls of butterflies
 y - 11 scrolls of teleportation
 E - a scroll of brand weapon
 F - 14 scrolls of identify
 H - 2 scrolls of amnesia
 O - 6 scrolls of summoning
 R - 5 scrolls of enchant weapon
Potions
 f - 3 potions of heal wounds
 h - a potion of cancellation
 m - 8 potions of ambrosia
 o - 7 potions of attraction
 s - 6 potions of flight
 t - 10 potions of curing
 u - 7 potions of haste
 A - 2 potions of brilliance
 D - 3 potions of lignification
 G - 2 potions of invisibility
 I - 22 potions of mutation
 K - 2 potions of might
 V - 2 potions of resistance
Miscellaneous
 z - a condenser vane
 S - a phantom mirror (inert)


   Skills:
 * Level 5.3 Fighting
 - Level 7.0 Short Blades
 * Level 4.1 Dodging
 - Level 1.7 Stealth
 + Level 5.6 Shields
 + Level 18.1 Spellcasting
 + Level 16.4 Conjurations
 - Level 0.1 Hexes
 + Level 15.9 Fire Magic
 - Level 12.6 Ice Magic
 - Level 0.1 Air Magic
 - Level 5.2 Earth Magic
 - Level 1.2 Evocations


You had 10 spell levels left.
You knew the following spells:

 Your Spells              Type           Power      Damage    Failure   Level
a - Ignition              Fire           85%        3d22      1%          8
b - Frozen Ramparts       Ice            100%       1d16      1%          3
c - Ozocubu's Armour      Ice            100%       N/A       1%          3
e - Swiftness             Air            84%        N/A       1%          3
g - Fireball              Conj/Fire      86%        3d32      1%          5
h - Metabolic Englaciati  Hex/Ice        66%        N/A       1%          5
i - Ozocubu's Refrigerat  Ice            80%        4d25      1%          7
j - Freezing Cloud        Conj/Ice/Air   74%        6-21      1%          5
k - Iron Shot             Conj/Erth      76%        9d14      1%          6

Your spell library contained the following spells:

 Spells                   Type           Power      Damage    Failure   Level
 Fire Storm               Conj/Fire      86%        8d22      16%         9
 Maxwell's Capacitive Co  Air            42%        ∞         99%         8
 Freeze                   Ice            100%       1d10      1%          1
 Kiss of Death            Conj/Necr      100%       2d13      1%          1
 Magic Dart               Conj           100%       1d8       1%          1
 Sandblast                Erth           100%       2d20      1%          1
 Shock                    Conj/Air       100%       1d9       1%          1
 Sting                    Tmut/Pois      100%       1d8       1%          1
 Cigotuvi's Dreadful Rot  Necr/Pois/Air  100%       N/A       1%          2
 Ensorcelled Hibernation  Hex/Ice        100%       N/A       1%          2
 Passwall                 Tmut/Erth      89%        N/A       1%          2
 Poisonous Vapours        Pois/Air       100%       N/A       1%          2
 Scorch                   Fire           100%       2d10      1%          2
 Searing Ray              Conj           100%       2d8       1%          2
 Wereblood                Tmut           83%        N/A       1%          2
 Confusing Touch          Hex            84%        N/A       1%          3
 Hailstorm                Conj/Ice       100%       3d20      1%          3
 Ignite Poison            Fire/Tmut/Pois 100%       N/A       1%          3
 Spider Form              Tmut/Pois      83%        N/A       1%          3
 Stone Arrow              Conj/Erth      100%       3d13      1%          3
 Airstrike                Air            42%        2d(6-22)  1%          4
 Flame Wave               Conj/Fire      100%       2d21      1%          4
 Fulminant Prism          Conj/Hex       70%        3d30      1%          4
 Olgreb's Toxic Radiance  Pois           83%        N/A       1%          4
 Sticky Flame             Conj/Fire      100%       2d11      1%          4
 Summon Ice Beast         Ice/Summ       100%       N/A       1%          4
 Irradiate                Conj/Tmut      70%        3d35      1%          5
 Dispel Undead            Necr           83%        3d27      5%          4
 Simulacrum               Ice/Necr       65%        N/A       6%          6
 Summon Mana Viper        Hex/Summ       83%        N/A       13%         5
 Blade Hands              Tmut           41%        N/A       14%         5
 Eringya's Noxious Bog    Tmut/Pois      41%        N/A       17%         6
 Polar Vortex             Ice            80%        N/A       47%         9
 Death Channel            Necr           41%        N/A       52%         6
 Summon Cactus Giant      Summ           41%        N/A       52%         6
 Dragon Form              Tmut           41%        N/A       96%         7
 Monstrous Menagerie      Summ           41%        N/A       96%         7
 Storm Form               Tmut/Air       41%        N/A       96%         7


Dungeon Overview and Level Annotations

Branches:
Dungeon (15/15)            Temple (1/1) D:5            Lair (5/5) D:9
  Swamp (4/4) Lair:2       Spider (1/4) Lair:2        Slime (0/5) Lair:5
    Orc (2/2) D:10            Elf (0/3) Orc:2        Vaults (4/5) D:14
 Depths (0/4) D:15         Bailey (visited)           IceCv (visited)
Volcano (visited)          WizLab (visited)
  Crypt: Vaults:2-3

Altars:
Dithmenos
Hepliaklqana
Kikubaaqudgha
Nemelex Xobeh
Okawaru
Sif Muna
Trog
Vehumet
Xom
Jiyva

Shops:
D:9 (   D:12 [   D:13 *   Orc:2 =(:(   Vaults:2 [[[

Annotations:
Lair:1 exclusion: oklob plant
Vaults:2 36 runed doors, Mennas
Vaults:3 1 transporter


Innate Abilities, Weirdness & Mutations

You have claws for hands.
A meltable icy envelope protects you from harm. (AC +4)
Your magical and physical power is slightly enhanced at high health.
When hurt, damage is shared between your health and your magic reserves.
You regenerate magic rapidly.
You have an absolutely massive brain. (Int +6, Wiz)
A meltable shield of frost defends you. (SH +4)
You have very sharp teeth.
Your mind is acute. (Int +4, Str/Dex -1)
Your magical capacity is low. (-10% MP)
Your spells are a little harder to cast, but a little more powerful.


Message History

Mennas hits you with a +3 sacred scourge of holy wrath!
You convulse.
Mennas hits you with a +3 sacred scourge of holy wrath!
You convulse.
Mennas blocks Mennas's attack.
Mennas completely misses Mennas.
You hit Mennas but do no damage. Your bite misses Mennas.
Mennas is severely wounded.
Unknown command.
You completely miss Mennas.
Mennas is severely wounded.
Mennas hits you with a +3 sacred scourge of holy wrath!
You convulse.
You block Mennas's attack.
Mennas blocks Mennas's attack.
Mennas barely misses Mennas.
Unknown command.
You hit Mennas.
Mennas is almost dead.
Mennas hits you with a +3 sacred scourge of holy wrath!!
* * * LOW HITPOINT WARNING * * *
You convulse!!
* * * LOW HITPOINT WARNING * * *
You block Mennas's attack. Mennas blocks your attack.
Mennas is almost dead.
Mennas closely misses Mennas.
Mennas blocks Mennas's attack.
Unknown command.
You miss Mennas. Your bite misses Mennas.
Mennas is almost dead.
Mennas barely misses you.
Mennas hits you with a +3 sacred scourge of holy wrath.
* * * LOW HITPOINT WARNING * * *
You convulse.
* * * LOW HITPOINT WARNING * * *
Mennas blocks Mennas's attack. x2
You barely miss Mennas. Your bite misses Mennas.
Mennas is almost dead.
Mennas hits you with a +3 sacred scourge of holy wrath!
* * * LOW HITPOINT WARNING * * *
You convulse.
* * * LOW HITPOINT WARNING * * *
Mennas hits you with a +3 sacred scourge of holy wrath!!
You die...

######'#######..# ##
#...........#..# #
#...........#..#......+
#...........#..#......#
#...........#..#......#
#..........)#..#......#
#..........÷'..#.....
#...........#..#.p.
#.....@.....#.A#'######
#....A......#..........
#....A......#..........
#...!.......#...#######
#.........!.#...#
#...P.......#...#
#.$.∩.......#...#
##.....#.####...# #...#


You could see Mennas (silencing, ally target) and the friendly Mennas (summoned,
silencing, drained).

Vanquished Creatures
  Bai Suzhen (Vaults:2)
  A mutant beast (WizLab)
  Mlioglotl (Swamp:2)
  Gastronok (Lair:3)
  4 thorn hunters
  10 vault wardens
  Louise (Swamp:3)
  A frost giant (IceCv)
  4 ironbound preservers
  2 ironbound thunderhulks
  17 very ugly things
  6 eleionomae
  A red draconian (Volcano)
  A spark wasp (Spider:1)
  4 dire elephants (Vaults:4)
  The ghost of dricus the Bludgeoner, a journeyman MiBe of Trog (Lair:1)
  8 bunyips
  3 ettins
  A deep elf death mage (Vaults:2)
  Snorg (Lair:3)
  3 fire dragons (Swamp:4)
  A shambling mangrove (Swamp:4)
  The ghost of Duwic the Blocker, a journeyman DDFi (Orc:1)
  2 great orbs of eyes (Vaults:4)
  A yaktaur captain (Vaults:4)
  The ghost of Caupn the Cleaver, a journeyman MiFi of Okawaru (Lair:1)
  13 vault guards
  The ghost of subsebi the Cleaver, a journeyman DsCK of Xom (Lair:1)
  22 hydras
  A peacekeeper (Vaults:4)
  A catoblepas (D:8)
  A ghost crab (Swamp:3)
  Erica (Lair:1)
  4 tengu warriors
  An ironbound frostheart (Vaults:4)
  A two-headed ogre (shapeshifter) (WizLab)
  6 centaur warriors
  4 two-headed ogres
  5 boulder beetles
  6 orc high priests
  9 alligators
  24 death yaks
  Sonja (Lair:3)
  Urug (Lair:1)
  Nergalle (Lair:3)
  7 spriggans
  2 fire crabs (Swamp:4)
  7 deep trolls
  7 large abominations (WizLab)
  A salamander mystic (Volcano)
  8 goliath frogs
  3 bog bodies
  2 spriggan druids
  2 lindwurms (shapeshifter) (WizLab)
  8 swamp dragons
  12 ironbound convokers
  2 necromancers (D:15)
  Pikel (D:6)
  2 deep elf pyromancers (D:14)
  6 lindwurms
  4 wizards
  26 ugly things
  2 wolf spiders (Spider:1)
  A salamander (shapeshifter) (WizLab)
  7 orc knights (Orc:2)
  4 orc sorcerers
  4 salamanders (Volcano)
  A cyclops (shapeshifter) (WizLab)
  2 manticores (D:14)
  5 will-o-the-wisps
  5 cyclopes
  27 elephants
  A guardian serpent (shapeshifter) (WizLab)
  Joseph (D:9)
  11 black mambas
  A molten gargoyle (Volcano)
  2 gargoyles
  3 torpor snails
  21 cane toads
  An ice statue (IceCv)
  4 cane toads (shapeshifter) (WizLab)
  2 unseen horrors
  A water nymph (shapeshifter) (WizLab)
  3 efreet (D:15)
  5 vault sentinels
  2 kobold demonologists (D:12)
  A tengu conjurer (D:13)
  8 komodo dragons
  18 yaktaurs
  A komodo dragon (shapeshifter) (WizLab)
  A queen bee (shapeshifter) (WizLab)
  4 bloated husks
  2 trolls (shapeshifter) (WizLab)
  A merfolk (shapeshifter) (D:15)
  12 tyrant leeches
  A tarantella (shapeshifter) (WizLab)
  A polar bear (shapeshifter) (WizLab)
  4 trolls
  A hornet (shapeshifter) (WizLab)
  9 polar bears
  24 slime creatures
  2 blink frogs (shapeshifter) (WizLab)
  4 dream sheep (Lair:2)
  13 hornets
  2 tarantellas (Spider:1)
  21 blink frogs
  A raiju (shapeshifter) (WizLab)
  3 jumping spiders (Spider:1)
  A centaur simulacrum (D:14)
  2 shadows
  A vampire (D:9)
  3 fire bats (Swamp:4)
  2 yaks (shapeshifter)
  A human (shapeshifter) (WizLab)
  2 wraiths (D:11)
  8 wyverns
  52 yaks
  Eustachio (D:4)
  6 steam dragons
  16 vampire mosquitoes
  An iron golem (WizLab)
  A basilisk (Lair:5)
  22 swamp worms
  Menkaure (D:5)
  3 wargs
  An acid dragon (shapeshifter) (WizLab)
  A water moccasin (shapeshifter) (WizLab)
  15 water moccasins
  A floating eye (shapeshifter) (WizLab)
  4 acid dragons
  4 floating eyes (WizLab)
  A black bear (shapeshifter) (WizLab)
  2 ice beasts (D:5)
  14 swamp drakes
  41 orc warriors
  4 black bears
  2 sky beasts (D:7)
  4 ogres
  13 wolves (IceCv)
  13 centaurs
  3 phantoms
  A lemure (D:6)
  6 small abominations (WizLab)
  3 kobold brigands
  A necrophage (D:6)
  20 bullfrogs
  A gnoll sergeant (D:9)
  13 wights
  3 scorpions
  2 jellies
  5 howler monkeys
  3 electric eels
  4 lava snakes (Volcano)
  26 orc priests
  Crazy Yiuf (D:6)
  5 hounds
  Terence (D:3)
  2 iguanas
  15 orc wizards
  Robin (D:2)
  4 gnolls
  5 adders
  2 shadow imps
  4 white imps
  2 ufetubi (D:6)
  A worm (shapeshifter) (D:14)
  3 dart slugs
  97 orcs
  5 ball pythons
  5 endoplasms
  A giant cockroach (D:1)
  20 goblins
  7 hobgoblins
  17 kobolds
  3 quokkas
  5 bats
  4 frilled lizards
  4 rats
  A plant (Lair:5)
1080 creatures vanquished.

Vanquished Creatures (others)
  A swamp drake (Swamp:4)
  A human (D:8)
  6 foxfires
  25 fungi
  111 plants
144 creatures vanquished.

Grand Total: 1224 creatures vanquished

Notes
Turn   | Place    | Note
-------+----------+-------------------------------------------
     0 | D:1      | Kirkhe the Demonspawn Ice Elementalist began the quest for
                  | the Orb.
     0 | D:1      | Reached XP level 1. HP: 13/13 MP: 3/3
   232 | D:1      | Gained mutation: A meltable shield of frost defends you.
                  | (SH +4) [demonic ancestry]
   232 | D:1      | Reached XP level 2. HP: 19/19 MP: 3/5
  1176 | D:2      | Gained mutation: You have an unusually large brain. (Int
                  | +2) [demonic ancestry]
  1176 | D:2      | Reached XP level 3. HP: 24/24 MP: 4/6
  1305 | D:2      | Identified the +7 dagger "Fipun" {elec, Int+8}
  2033 | D:2      | Noticed Robin
  2048 | D:2      | Killed Robin
  2049 | D:2      | Reached XP level 4. HP: 15/30 MP: 0/8
  2303 | D:3      | Reached skill level 3 in Spellcasting
  2848 | D:3      | Noticed Terence
  2855 | D:3      | Killed Terence
  3225 | D:4      | Noticed a phantom
  3234 | D:4      | Killed a phantom
  3235 | D:4      | Reached skill level 5 in Ice Magic
  3235 | D:4      | Gained mutation: A meltable icy envelope protects you from
                  | harm. (AC +4) [demonic ancestry]
  3235 | D:4      | Reached XP level 5. HP: 34/35 MP: 7/10
  3319 | D:4      | Reached skill level 4 in Spellcasting
  3423 | D:4      | Gained mutation: You regenerate magic rapidly. [demonic
                  | ancestry]
  3423 | D:4      | Reached XP level 6. HP: 39/41 MP: 9/12
  3502 | D:4      | Noticed Eustachio
  3509 | D:4      | Learned a level 3 spell: Frozen Ramparts
  3513 | D:4      | Learned a level 3 spell: Ozocubu's Armour
  3525 | D:4      | Killed Eustachio
  3923 | D:5      | Entered Level 5 of the Dungeon
  3923 | D:5      | Noticed an ice beast
  3935 | D:5      | Killed an ice beast
  3936 | D:5      | Reached skill level 1 in Short Blades
  3936 | D:5      | Reached skill level 5 in Spellcasting
  3936 | D:5      | Reached XP level 7. HP: 33/46 MP: 12/14
  3938 | D:5      | Noticed Menkaure
  3969 | D:5      | Reached skill level 1 in Shields
  4012 | D:5      | Killed Menkaure
  4151 | D:5      | Found a staircase to the Ecumenical Temple.
  4162 | D:5      | Found the +6 shillelagh "Devastator" {shatter}
  4346 | D:5      | Reached XP level 8. HP: 52/52 MP: 16/16
  4364 | D:5      | Reached skill level 6 in Spellcasting
  4479 | Temple   | Entered the Ecumenical Temple
  4526 | Temple   | Became a worshipper of Vehumet
  4686 | D:6      | Gained mutation: You are vulnerable to heat. (rF-) [potion
                  | of mutation]
  4687 | D:6      | Lost mutation: You are vulnerable to heat. (rF-) [potion of
                  | mutation]
  4687 | D:6      | Gained mutation: You have sharp toenails. [potion of
                  | mutation]
  4687 | D:6      | Gained mutation: You have razor-sharp toenails. [potion of
                  | mutation]
  4687 | D:6      | Gained mutation: You are vulnerable to cold. (rC-) [potion
                  | of mutation]
  4688 | D:6      | Lost mutation: You have razor-sharp toenails. [potion of
                  | mutation]
  4688 | D:6      | Lost mutation: You have sharp toenails. [potion of
                  | mutation]
  4688 | D:6      | Gained mutation: You are frail. (-10% HP) [potion of
                  | mutation]
  4688 | D:6      | Gained mutation: You are agile. (Dex +4, Str/Int -1)
                  | [potion of mutation]
  4797 | D:6      | Reached skill level 7 in Spellcasting
  4852 | D:6      | Found a runed translucent door.
  4853 | D:6      | Noticed Crazy Yiuf
  4975 | D:6      | Noticed Pikel
  4982 | D:6      | Killed Pikel
  4983 | D:6      | Reached XP level 9. HP: 51/51 MP: 13/20
  5172 | D:6      | Killed Crazy Yiuf
  5618 | D:7      | Reached skill level 8 in Spellcasting
  5877 | D:7      | Reached * piety under Vehumet
  5877 | D:7      | Offered knowledge of Magic Dart by Vehumet.
  6114 | D:7      | Learned a level 2 spell: Ensorcelled Hibernation
  6225 | D:8      | Lost mutation: You are frail. (-10% HP) [potion of
                  | mutation]
  6225 | D:8      | Lost mutation: You are vulnerable to cold. (rC-) [potion of
                  | mutation]
  6225 | D:8      | Gained mutation: You are frail. (-10% HP) [potion of
                  | mutation]
  6225 | D:8      | Gained mutation: Your movements are slightly less
                  | encumbered by armour. (ER -2) [potion of mutation]
  6360 | D:8      | Reached XP level 10. HP: 54/56 MP: 19/22
  6410 | D:8      | Noticed a green ugly thing
  6421 | D:8      | Killed a green ugly thing
  6422 | D:8      | Reached skill level 5 in Short Blades
  6448 | D:8      | Noticed a catoblepas
  6453 | D:8      | Killed a catoblepas
  6454 | D:8      | Reached skill level 9 in Spellcasting
  6503 | D:8      | Reached skill level 1 in Evocations
  6552 | D:8      | Reached ** piety under Vehumet
  6606 | D:8      | Found an ancient bone altar of Kikubaaqudgha.
  6610 | D:8      | Found an iron altar of Okawaru.
  6611 | D:8      | Found a bloodstained altar of Trog.
  6612 | D:8      | Found a hazy altar of Hepliaklqana.
  6808 | D:8      | Learned a level 3 spell: Swiftness
  6838 | D:9      | Offered knowledge of Scorch by Vehumet.
  6862 | D:9      | Identified the +8 spear of Stickiness {elec, Str+2}
  6899 | D:9      | Found a flagged portal.
  7043 | D:9      | Found a staircase to the Lair.
  7059 | D:9      | Noticed a two-headed ogre
  7069 | D:9      | Killed a two-headed ogre
  7070 | D:9      | Reached skill level 5 in Shields
  7125 | Bailey   | Entered a bailey
  7159 | Bailey   | Offered knowledge of Hailstorm by Vehumet.
  7164 | Bailey   | Learned a level 3 spell: Hailstorm
  7240 | Bailey   | Reached *** piety under Vehumet
  7309 | Bailey   | Found the +8 orange crystal plate armour {Archmagi, Int+3
                  | Clar}
  7319 | Bailey   | Reached skill level 10 in Ice Magic
  7319 | Bailey   | Gained mutation: You have an extremely huge brain. (Int +4)
                  | [demonic ancestry]
  7319 | Bailey   | Reached XP level 11. HP: 33/61 MP: 18/24
  7356 | Bailey   | Identified the +2 tower shield "Giaps" {-Cast +Blink rN++
                  | Regen+}
  7401 | Bailey   | Reached skill level 1 in Conjurations
  7650 | D:9      | Noticed Joseph
  7660 | D:9      | Killed Joseph
  7835 | D:9      | Found Arapeeda's Antique Weapon Emporium.
  8322 | D:10     | Entered Level 10 of the Dungeon
  8519 | D:10     | Reached skill level 10 in Spellcasting
  8590 | D:10     | Found a staircase to the Orcish Mines.
  8596 | D:10     | Offered knowledge of Dazzling Flash by Vehumet.
  9055 | D:10     | Reached **** piety under Vehumet
  9193 | D:11     | Offered knowledge of Fireball by Vehumet.
  9200 | D:11     | Learned a level 5 spell: Fireball
  9841 | D:11     | Reached skill level 1 in Fighting
 10039 | D:12     | Noticed a two-headed ogre
 10047 | D:12     | Killed a two-headed ogre
 10109 | D:12     | Noticed a five-headed hydra
 10199 | D:12     | Found Lepef's Armour Shop.
 10231 | D:12     | Reached skill level 11 in Spellcasting
 10338 | D:12     | Noticed a two-headed ogre
 10349 | D:12     | Killed a two-headed ogre
 10433 | D:12     | Gained mutation: You have an absolutely massive brain. (Int
                  | +6, Wiz) [demonic ancestry]
 10433 | D:12     | Reached XP level 12. HP: 69/69 MP: 27/27
 10489 | D:12     | Noticed a boulder beetle
 10520 | D:12     | Killed a boulder beetle
 10694 | Lair:1   | Entered Level 1 of the Lair of Beasts
 10721 | Lair:1   | Reached skill level 5 in Conjurations
 10785 | Lair:1   | Noticed Urug
 10804 | Lair:1   | Killed Urug
 10898 | Lair:1   | Reached ***** piety under Vehumet
 10994 | Lair:1   | Noticed Erica
 11009 | Lair:1   | Offered knowledge of Irradiate by Vehumet.
 11016 | Lair:1   | Learned a level 5 spell: Metabolic Englaciation
 11041 | Lair:1   | Identified the +8 whip of Disharmony {venom, Str+2}
 11066 | Lair:1   | Killed Erica
 11216 | Lair:1   | Found a runed translucent gate.
 11217 | Lair:1   | Found a runed translucent gate.
 11273 | Lair:1   | Reached skill level 12 in Spellcasting
 11353 | Lair:1   | Found a runed translucent gate.
 11363 | Lair:1   | Noticed Caupn's ghost (journeyman MiFi)
 11363 | Lair:1   | Noticed dricus's ghost (journeyman MiBe)
 11363 | Lair:1   | Noticed subsebi's ghost (journeyman DsCK)
 11519 | Lair:1   | Identified a scroll of acquirement
 11522 | Lair:1   | Acquired the ring "Etwuudd" {Will+ rCorr Str+5}
 11547 | Lair:2   | Noticed a seven-headed hydra
 11553 | Lair:2   | Killed a seven-headed hydra
 11625 | Lair:2   | Found a staircase to the Swamp.
 11845 | Lair:2   | Found a frozen archway.
 11961 | IceCv    | Entered an ice cave
 11964 | IceCv    | Lost mutation: You are agile. (Dex +4, Str/Int -1) [potion
                  | of mutation]
 11964 | IceCv    | Lost mutation: You are frail. (-10% HP) [potion of
                  | mutation]
 11964 | IceCv    | Lost mutation: Your movements are slightly less encumbered
                  | by armour. (ER -2) [potion of mutation]
 11964 | IceCv    | Gained mutation: You have hidden genetic potential. [potion
                  | of mutation]
 11964 | IceCv    | Gained mutation: Your mind is acute. (Int +4, Str/Dex -1)
                  | [potion of mutation]
 11964 | IceCv    | Gained mutation: Your magical capacity is low. (-10% MP)
                  | [potion of mutation]
 11988 | IceCv    | Reached skill level 13 in Spellcasting
 12013 | IceCv    | Reached skill level 1 in Fire Magic
 12062 | IceCv    | Gained mutation: You have sharp fingernails. [demonic
                  | ancestry]
 12062 | IceCv    | Reached XP level 13. HP: 81/87 MP: 21/27
 12252 | IceCv    | Noticed a frost giant
 12283 | IceCv    | Killed a frost giant
 12503 | IceCv    | Offered knowledge of Conjure Ball Lightning by Vehumet.
 12884 | Lair:2   | Found a hole to the Spider Nest.
 13235 | Lair:2   | Gained mutation: Your spells are a little harder to cast,
                  | but a little more powerful. [hidden potential]
 13673 | Lair:3   | Noticed Sonja
 13732 | Lair:3   | Noticed Gastronok
 13749 | Lair:3   | Killed Gastronok
 13750 | Lair:3   | Reached skill level 10 in Conjurations
 13750 | Lair:3   | Reached skill level 5 in Fire Magic
 13906 | Lair:3   | Killed Sonja
 13970 | Lair:3   | Noticed Snorg
 13992 | Lair:3   | Killed Snorg
 14285 | Lair:3   | Gained mutation: You have very sharp fingernails. [demonic
                  | ancestry]
 14285 | Lair:3   | Reached XP level 14. HP: 93/93 MP: 19/27
 14648 | Lair:3   | Noticed Nergalle
 14686 | Lair:3   | Killed Nergalle
 14983 | Lair:4   | Offered knowledge of Ozocubu's Refrigeration by Vehumet.
 15100 | Lair:4   | Gained mutation: You have very sharp teeth. [hidden
                  | potential]
 15100 | Lair:4   | Lost mutation: You have hidden genetic potential. [hidden
                  | potential expressed]
 15191 | Lair:4   | Found a dark tunnel.
 15207 | Lair:4   | Acquired the ring of Kindness {rPois Stlth+}
 15224 | Lair:4   | Learned a level 7 spell: Ozocubu's Refrigeration
 15226 | Volcano  | Entered a volcano
 15393 | Volcano  | Found a burning altar of Makhleb.
 15761 | Lair:4   | Reached skill level 10 in Fire Magic
 16653 | Lair:5   | Entered Level 5 of the Lair of Beasts
 16655 | Lair:5   | Offered knowledge of Spellforged Servitor by Vehumet.
 16815 | Lair:5   | Reached XP level 15. HP: 98/98 MP: 14/28
 17213 | Lair:5   | Found a viscous altar of Jiyva.
 17213 | Lair:5   | Found a staircase to the Slime Pits.
 17559 | Lair:5   | Identified the +2 chain mail "Reazag Gagi" {rPois Regen+
                  | Int+2}
 17932 | Lair:1   | Killed Caupn's ghost
 17932 | Lair:1   | Killed dricus's ghost
 17934 | Lair:1   | Killed subsebi's ghost
 17934 | Lair:1   | Offered knowledge of Freezing Cloud by Vehumet.
 17942 | Lair:1   | Learned a level 5 spell: Freezing Cloud
 17954 | Lair:1   | Identified the ring of Xoepro Gaxa {rF+ Int+6}
 18362 | D:13     | Found Guquc's Assorted Antiques.
 18368 | D:13     | Bought a pair of runed boots for 225 gold pieces
 19828 | D:14     | Found a gate to the Vaults.
 19961 | D:14     | Reached skill level 14 in Spellcasting
 20232 | D:15     | Entered Level 15 of the Dungeon
 20663 | D:15     | Reached XP level 16. HP: 81/104 MP: 17/30
 20724 | D:15     | Found a staircase to the Depths.
 20903 | D:15     | Found a shadowy altar of Dithmenos.
 21390 | Orc:1    | Entered Level 1 of the Orcish Mines
 21475 | Orc:2    | Entered Level 2 of the Orcish Mines
 21494 | Orc:1    | Reached ****** piety under Vehumet
 21494 | Orc:1    | Offered knowledge of Iron Shot by Vehumet.
 21689 | Orc:1    | Paralysed by an orc sorcerer for 3 turns
 21845 | Orc:1    | Found a runed translucent gate.
 21847 | Orc:1    | Noticed Duwic's ghost (journeyman DDFi)
 21889 | Orc:1    | Found a runed translucent gate.
 21922 | Orc:1    | Found a runed translucent gate.
 22197 | Orc:1    | Learned a level 6 spell: Iron Shot
 22215 | Orc:1    | Killed Duwic's ghost
 22568 | Orc:2    | Found a staircase to the Elven Halls.
 22987 | Orc:2    | Offered knowledge of Ignition by Vehumet.
 23149 | Orc:2    | Found Miyxer's Antique Weapon Emporium.
 23152 | Orc:2    | Found Okkoxohit's Book Shoppe.
 23153 | Orc:2    | Found Fynaschette's Jewellery Emporium.
 23154 | Orc:2    | Found Cuschaif's Antique Weapon Emporium.
 23179 | Orc:2    | Bought the ring "Hyocs" {rN+ EV+4 Dex+3 SInv} for 750 gold
                  | pieces
 23355 | Swamp:1  | Entered Level 1 of the Swamp
 23428 | Swamp:1  | Reached skill level 15 in Spellcasting
 24181 | Swamp:1  | Learned a level 8 spell: Ignition
 24184 | Swamp:2  | Noticed Mlioglotl
 24310 | Swamp:2  | Killed Mlioglotl
 24525 | Swamp:2  | You fall into a shaft and drop 1 floor!
 24808 | Swamp:3  | Reached skill level 15 in Conjurations
 24856 | Swamp:3  | Noticed a thorn hunter
 24897 | Swamp:3  | Killed a thorn hunter
 25028 | Swamp:3  | Gained mutation: Your magical and physical power is
                  | slightly enhanced at high health. [demonic ancestry]
 25028 | Swamp:3  | Reached XP level 17. HP: 110/110 MP: 26/32
 25066 | Swamp:3  | Identified the +6 tower shield of Gravitas {-Tele rElec
                  | rPois Str+6}
 25066 | Swamp:3  | Noticed Louise
 25068 | Swamp:3  | Killed Louise
 25247 | Swamp:3  | Offered knowledge of Fire Storm by Vehumet.
 25247 | Swamp:3  | Offered knowledge of Polar Vortex by Vehumet.
 25247 | Swamp:3  | Offered knowledge of Maxwell's Capacitive Coupling by
                  | Vehumet.
 25466 | Swamp:4  | Entered Level 4 of the Swamp
 25794 | Swamp:4  | Reached skill level 16 in Spellcasting
 26526 | Swamp:4  | Got a decaying rune of Zot
 26712 | Spider:1 | Entered Level 1 of the Spider Nest
 26959 | Vaults:1 | Entered Level 1 of the Vaults
 27303 | Vaults:1 | Found a magical portal.
 27310 | WizLab   | Entered Cigotuvi's Fleshworks
 27445 | WizLab   | Got the Compendium of Untold Secrets
 27448 | WizLab   | Got Cigotuvi's Incunabulum of Deathly Transmogrification
 27460 | WizLab   | Reached skill level 15 in Fire Magic
 27514 | WizLab   | Noticed Cigotuvi's Monster
 27534 | WizLab   | Killed Cigotuvi's Monster
 27535 | WizLab   | Reached XP level 18. HP: 116/116 MP: 16/35
 27706 | WizLab   | Reached skill level 17 in Spellcasting
 27912 | WizLab   | Identified the ring of Olomoan {rElec rF+ rN+ Slay+3}
 28636 | Vaults:1 | Reached skill level 1 in Earth Magic
 29378 | Vaults:2 | Found a huge runed gate.
 29378 | Vaults:2 | Found a huge runed gate.
 29378 | Vaults:2 | Found a huge runed gate.
 29378 | Vaults:2 | Found a huge runed gate.
 29378 | Vaults:2 | Found a huge runed gate.
 29379 | Vaults:2 | Found a huge runed gate.
 29379 | Vaults:2 | Found a huge runed gate.
 29379 | Vaults:2 | Found a huge runed gate.
 29379 | Vaults:2 | Found a huge runed gate.
 29381 | Vaults:2 | Found a huge runed gate.
 29381 | Vaults:2 | Found a huge runed gate.
 29381 | Vaults:2 | Found a huge runed gate.
 29381 | Vaults:2 | Found a huge runed gate.
 29381 | Vaults:2 | Found a huge runed gate.
 29381 | Vaults:2 | Found a huge runed gate.
 29381 | Vaults:2 | You fall into a shaft and drop 2 floors!
 29820 | Vaults:4 | Reached skill level 18 in Spellcasting
 29878 | Vaults:4 | Reached skill level 5 in Fighting
 30019 | Vaults:3 | Noticed an ancient lich
 30023 | Vaults:3 | Found a transporter.
 30024 | Vaults:3 | Found a radiant altar of Vehumet.
 30191 | Vaults:2 | Found a huge runed gate.
 30191 | Vaults:2 | Found a huge runed gate.
 30191 | Vaults:2 | Found a huge runed gate.
 30191 | Vaults:2 | Found a huge runed gate.
 30191 | Vaults:2 | Found a huge runed gate.
 30192 | Vaults:2 | Found a huge runed gate.
 30192 | Vaults:2 | Found a huge runed gate.
 30192 | Vaults:2 | Found a huge runed gate.
 30192 | Vaults:2 | Found a huge runed gate.
 30193 | Vaults:2 | Found a huge runed gate.
 30198 | Vaults:2 | Found a huge runed gate.
 30198 | Vaults:2 | Found a huge runed gate.
 30198 | Vaults:2 | Found a huge runed gate.
 30198 | Vaults:2 | Found a huge runed gate.
 30198 | Vaults:2 | Found a huge runed gate.
 30198 | Vaults:2 | Found a huge runed gate.
 30199 | Vaults:2 | Found a huge runed gate.
 30200 | Vaults:2 | Found a huge runed gate.
 30201 | Vaults:2 | Found a huge runed gate.
 30209 | Vaults:2 | Found a huge runed gate.
 30209 | Vaults:2 | Found a huge runed gate.
 30264 | Vaults:2 | Noticed Mennas
 30395 | Vaults:2 | Found Rijot's Antique Armour Emporium.
 30395 | Vaults:2 | Noticed Bai Suzhen
 30401 | Vaults:2 | Killed Bai Suzhen
 30402 | Vaults:2 | Gained mutation: When hurt, damage is shared between your
                  | health and your magic reserves. [demonic ancestry]
 30402 | Vaults:2 | Reached XP level 19. HP: 127/127 MP: 15/37
 30410 | Vaults:2 | Reached skill level 5 in Earth Magic
 30410 | Vaults:2 | Gained mutation: You have claws for hands. [demonic
                  | ancestry]
 30410 | Vaults:2 | Reached XP level 20. HP: 133/133 MP: 19/37
 30461 | Vaults:2 | Bought a thick robe for 228 gold pieces
 30461 | Vaults:2 | Identified the +2 robe of Snakes and Ladders {rElec rC- rN+
                  | Dex+3} (You bought it in a shop on level 2 of the Vaults)
 30480 | Vaults:2 | Found Derruo's Armour Shop.
 30511 | Vaults:2 | Found Baqep's Antique Armour Shop.
 30531 | Vaults:2 | Slain by Mennas

Illustrated notes

Levels and vault maps discovered:
D:1:      spicycebolla_arrival_ecumenical, layout_basic,
          nicolae_figureground_pulse
D:2:      layout_basic, uniq_robin
D:3:      layout_loops_ring, uniq_terence
D:4:      layout_loops_ring, uniq_eustachio
D:5:      minmay_chambers_of_threes, layout_rooms, minmay_temple_entry_ruins,
          uniq_menkaure
D:6:      layout_basic, uniq_pikel, uniq_crazy_yiuf_cottage
D:7:      layout_basic
D:8:      minmay_bloctagon_deflated, layout_rooms, minitemple, tgw_kikubaaqudgha
D:9:      layout_basic, lair_entry_dummy, enter_bailey_3, serial_shops, shop,
          hangedman_abyss_or_decor_lesser_grid, dk_vineyard_1, uniq_joseph
D:10:     layout_grid_maze, david_orc_5, minmay_misc_feat_pillars
D:11:     layout_stronghold
D:12:     layout_roguey, serial_shops, nicolae_square_shop
D:13:     layout_grid_maze, serial_shops, nicolae_shop_overgrown_old_shop
D:14:     layout_grid_maze, erik_vaults_2, minivault_4
D:15:     hangedman_depths_entry_civil_slaughter, layout_grid_maze,
          nrook_campfire, nicolae_dithmenos_the_darkroom
Temple:   dpeg_five_rooms_temple
Lair:1:   layout_hall_layers, gammafunk_ghost_cemetery, st_stairs_13,
          serial_bayou_shore_a, grunt_megastairs_5, uniq_erica, uniq_urug
Lair:2:   layout_cave_pods, skrybe_swamp_entry_bodies,
          spider_nest_entry_web_field, portal_ice_cave_entry_pillars_1,
          minivault_19, serial_bayou_shore_b, serial_bayou_shore_b,
          grunt_megastairs_4, infiniplex_staircase_pool_2
Lair:3:   cheibrodos_lair_overgrown_chateau, layout_regular_city,
          nzn_sisyphean_effort, uniq_snorg, uniq_nergalle, uniq_sonja,
          uniq_gastronok
Lair:4:   layout_cave_pods, lightli_volcano_entry_magma_tube,
          serial_bayou_pond_d, lookout_lair_type
Lair:5:   minmay_lair_end_frog_pond, layout_hall_layers, slime_entry_1,
          dreamdust_deal_with_the_devil
Swamp:1:  layout_basic_swamp, serial_swamp_ruin, evilmike_swamp_ruin_rubble_1,
          evilmike_swamp_ruin_house_2, swamp_pool5
Swamp:2:  layout_basic_swamp, evilmike_swamp_ruin_house_1, uniq_mlioglotl
Swamp:3:  layout_basic_swamp, evilmike_swamp_ruin_house_5, swamp_pool1,
          uniq_louise
Swamp:4:  swamp_fiery, layout_basic_swamp, swamp_pool1, nicolae_swamp_no_escape
Spider:1: layout_spider_delve, nicolae_spider_paper_wasps
Orc:1:    layout_caves, gammafunk_ghost_split
Orc:2:    st_orc_pillars, layout_caves, basic_altar, nicolae_orc_stony_grotto
Vaults:1: infiniplex_enter_wizlab_glasses, vaults_dpeg_diagonal, v_misc_16,
          grunt_vaults_focal, nicolae_vaults_network_quincunx
          [nicolae_vaults_network_quincunx_subvault,
          nicolae_vaults_network_quincunx_subvault,
          nicolae_vaults_network_quincunx_subvault,
          nicolae_vaults_network_quincunx_subvault,
          nicolae_vaults_network_quincunx_subvault],
          nicolae_vaults_border_crossing, v_pattern_4, nicolae_vaults_gold_heap,
          layout_vaults_omnigrid
Vaults:2: gammafunk_ghost_door_vault, ontoclasm_vaults_pinch,
          vaults_room_semicircle, v_misc_30, vaults_dpeg_encased_lava,
          nicolae_vaults_display_case, nicolae_vaults_circle_grid_a,
          vaults_dpeg_spiral, vaults_room_door_ring,
          hangedman_vaults_stretched_pinwheel, v_misc_17,
          layout_vaults_big_room, serial_shops, nicolae_shop_overgrown_old_shop,
          shop, nicolae_shop_crystal, shop, nicolae_diamond_shop, uniq_mennas,
          uniq_bai_suzhen
Vaults:3: vaults_room_pool, ontoclasm_vaults_ring_square,
          gammafunk_sealed_library, vaults_mumra_chevron_long,
          grunt_vaults_funnel, nicolae_vaults_network_periphery,
          ontoclasm_vaults_idyll, ontoclasm_vaults_ring_small, v_misc_22,
          hangedman_vaults_stream, ontoclasm_vaults_tryst, v_misc_9,
          minmay_crypt_entry_simple_corners, vaults_dpeg_hooks,
          nicolae_vaults_yaktaur_gun_rack, ontoclasm_vaults_loading_screen,
          v_misc_9, layout_vaults_maze, serial_shops, shop
Vaults:4: vaults_standard_mumra_x, nicolae_vaults_little_squares_2, v_pattern_5,
          v_misc_22, nicolae_vaults_twisting_passages, hangedman_vaults_trim,
          hangedman_vaults_capsules, vaults_room_grunt_arrival_checkpoint,
          ontoclasm_vaults_decontamination, serial_ice_m,
          layout_vaults_omnicross

Skill      XL: |  1  2  3  4  5  6  7  8  9 10 11 12 13 14 15 16 17 18 19 |
---------------+----------------------------------------------------------+-----
Ice Magic      | 4 5 6 7 9 10 11 12 | 12.6
Spellcasting   | 3 4 5 7 8 9 11 13 14 15 16 18 | 18.1
Short Blades   | 1 3 4 6 7 |  7.0
Shields        | 1 2 3 5 |  5.6
Evocations     | 1 |  1.2
Conjurations   | 4 7 10 12 14 15 16 | 16.4
Fighting       | 1 3 5 |  5.3
Fire Magic     | 1 7 11 12 13 15 | 15.9
Dodging        | 2 4 |  4.1
Earth Magic    | 2 5 |  5.2
Stealth        | |  1.7
Hexes          | |  0.1
Air Magic      | |  0.1

Action                   |  1- 3 |  4- 6 |  7- 9 | 10-12 | 13-15 | 16-18 | 19-21 || total
-------------------------+-------+-------+-------+-------+-------+-------+-------++-------
Melee: Unarmed           |     7 |       |       |       |       |       |       ||     7
       Dagger            |    28 |    26 |   232 |   566 |   398 |   136 |    10 ||  1396
       Punch             |       |       |     1 |       |       |       |       ||     1
       Bite              |       |       |       |       |    19 |    22 |       ||    41
 Cast: Freeze            |    56 |    34 |    28 |     6 |       |       |       ||   124
       Ozocubu's Armour  |       |     1 |    17 |    43 |    34 |     9 |       ||   104
       Frozen Ramparts   |       |     1 |     7 |    30 |    27 |       |       ||    65
       Hailstorm         |       |       |       |    35 |    18 |       |       ||    53
       Ensorcelled Hiber |       |       |       |     2 |     1 |       |       ||     3
       Fireball          |       |       |       |     2 |   245 |   282 |     1 ||   530
       Metabolic Englaci |       |       |       |       |     2 |       |       ||     2
       Ozocubu's Refrige |       |       |       |       |    18 |    41 |       ||    59
       Freezing Cloud    |       |       |       |       |     2 |       |       ||     2
       Ignition          |       |       |       |       |       |    42 |     2 ||    44
       Swiftness         |       |       |       |       |       |     1 |       ||     1
       Iron Shot         |       |       |       |       |       |    87 |     1 ||    88
Evoke: Wand              |       |       |     3 |     7 |     7 |     3 |     3 ||    23
       Phantom mirror    |       |       |       |       |       |       |     1 ||     1
  Use: Scroll            |     6 |     8 |     8 |     7 |     6 |     6 |       ||    41
       Potion            |       |       |     5 |     2 |     7 |     3 |     4 ||    21
 Stab: Sleeping          |     1 |     6 |     1 |    10 |     1 |     1 |       ||    20
       Distracted        |       |       |       |     1 |       |       |       ||     1
       Held in net/web   |       |       |       |       |     1 |       |       ||     1
Armor: Robe              |     4 |    15 |    77 |   174 |   160 |    48 |       ||   478
Dodge: Dodged            |    34 |    26 |   116 |   184 |   132 |    48 |     3 ||   543
Block: Other             |     7 |    12 |    20 |       |       |       |       ||    39
       Buckler           |       |       |    51 |   210 |   135 |    50 |     2 ||   448

Table legend: (Time is in decaauts)
 A = Elapsed time spent in this place.
 B = Non-inter-level travel time spent in this place.
 C = Inter-level travel time spent in this place.
 D = Time resting spent in this place.
 E = Time spent auto-exploring this place.
 F = Levels seen in this place.
 G = Mean time per level.
                   A        B        C        D        E       F      G
               +--------+--------+--------+--------+--------+-----+--------+
         Total |  30411 |  28505 |   1906 |   2372 |  19731 |  36 |  844.8 |
       Dungeon |  13709 |  12515 |   1194 |    533 |   9786 |  15 |  913.9 |
        Temple |     78 |     48 |     30 |      0 |     38 |   1 |   78.0 |
          Lair |   6277 |   5837 |    440 |    598 |   3701 |   5 | 1255.4 |
         Swamp |   3498 |   3376 |    122 |    593 |   2110 |   4 |  874.5 |
   Spider Nest |     13 |     13 |      0 |      0 |      0 |   1 |   13.0 |
  Orcish Mines |   1837 |   1719 |    118 |     43 |   1304 |   2 |  918.5 |
        Vaults |   2721 |   2721 |      0 |    286 |   1741 |   4 |  680.2 |
        Bailey |    369 |    369 |      0 |     41 |    158 |   1 |  369.0 |
      Ice Cave |    726 |    726 |      0 |     73 |    363 |   1 |  726.0 |
       Volcano |    369 |    369 |      0 |     73 |    136 |   1 |  369.0 |
        Wizlab |    808 |    808 |      0 |    130 |    392 |   1 |  808.0 |
               +--------+--------+--------+--------+--------+-----+--------+

Top non-repeatable levels by time:
Vaults:1: 1523 daAuts
  Lair:2: 1493 daAuts
  Lair:4: 1379 daAuts
  Lair:3: 1284 daAuts
    D:14: 1233 daAuts
     D:9: 1216 daAuts
     D:2: 1192 daAuts
 Swamp:4: 1116 daAuts
  Lair:5: 1110 daAuts
     D:1: 1097 daAuts
    D:15: 1023 daAuts
  Lair:1: 1009 daAuts
    D:10: 985 daAuts
   Orc:2: 939 daAuts
 Swamp:1: 903 daAuts
